Map: Kairos Junction LE

Players

BillyRamone

  • Race: Terran Terran
  • League: Diamond
  • Spawn Location: 5:00

A.I. 1 (Very Easy) - Winner!

  • Race: Protoss Protoss
  • Spawn Location: 11:00

VOD

Have the link to the VOD?

Description

Time

  • Played on: March 9, 2019, 6:12 p.m.
  • Length: 3:59
Show
View Real Time Build Order
Export as new Build Order

BillyRamone Terran 

Build Orders:  

Get SALT Encoding   

  12  0:00  SCV  
  13  0:12  SCV  
  14  0:17  Supply Depot  
  14  0:25  SCV  
  14  0:28  Refinery  
  15  0:39  SCV  
  16  0:45  Barracks  
  16  0:51  SCV  
  17  1:03  SCV  
  18  1:15  SCV  
  19  1:32  Marine, Orbital Command  
  20  1:34  Factory  
  20  1:38  Refinery  
  20  1:43  Supply Depot  
  20  1:50  Barracks Reactor  
  20  1:58  SCV  
  21  2:10  SCV  
  22  2:20  Command Center  
  22  2:23  SCV  
  23  2:35  Hellion x2  
  27  2:38  SCV  
  28  2:49  Starport  
  28  2:50  SCV  
  31  2:58  Widow Mine  
  31  3:05  SCV, Widow Mine  
  34  3:10  Barracks Tech Lab  
  34  3:17  SCV  
  35  3:29  SCV  
  36  3:34  Orbital Command  
  41  3:44  SCV  
Show
View Real Time Build Order
Export as new Build Order

A.I. 1 (Very Easy) Protoss - Winner!

Build Orders: 1 Gate Expand, Nexus First 

Get SALT Encoding   

  12  0:00  Probe  
  13  0:13  Probe  
  14  0:20  Pylon  
  14  0:42  Gateway  
  14  1:01  Nexus  
  14  1:20  Pylon  
  14  1:22  Zealot  
  14  1:23  Assimilator  
  16  1:37  Cybernetics Core  
  16  1:38  Probe  
  17  1:50  Probe  
  18  2:00  Probe  
  18  2:01  Assimilator  
  18  2:08  Probe  
  19  2:09  Warp Gate  
  19  2:14  Probe, Stalker  
  23  2:23  Probe  
  23  2:27  Probe  
  25  2:38  Probe  
  26  2:48  Probe  
  26  2:50  Assimilator  
  27  2:53  Pylon  
  27  2:55  Probe  
  28  3:03  Probe  
  29  3:10  Probe  
  30  3:13  Robotics Facility  
  30  3:17  Probe  
  31  3:24  Probe  
  32  3:29  Zealot  
  32  3:31  Probe  
  35  3:38  Probe  
  36  3:46  Probe  
Tags
 
Add a new tag
Caveats
  • Supply blocks, unpowered buildings, or Contaminate may cause inaccurate times.
  • Supply counts are checked every 10 seconds.